AoeStats
← jess_du_marais

Arena

508173248Analyzed
1v1 RM · 12d ago on Sep 21, 2026· 65m 16s· 2 players
Game mode
Random Map
Map size
Tiny (2 player)
Population
200
Speed
Normal
Resources
Standard
Victory
Conquest
Starting age
Dark Age
Ending age
Imperial Age
RankedLock teamsTeams togetherTeam positionsShared explorationLock speedFull tech treeHidden civsTurbo modeCheats
Victory
Defeat
🇪🇸 Magyars · Spain
442
+9
🇫🇷 Khmer · France
283
-9
jess_du_marais
10:42 Loom
14:02 Feudal Age
17:50 Castle Age
20:09 Double-Bit Axe
20:53 Pikeman
28:35 Elite Skirmisher
31:34 Bow Saw
38:35 Gold Mining
44:31 Imperial Age
45:20 Scale Barding Armor
54:43 Ballistics
55:26 Chemistry
55:45 Chain Barding Armor
58:46 Plate Barding Armor
64:08 Elite Ballista Elephant
Kaimo70
12:54 Feudal Age
13:41 Horse Collar
14:00 Town Watch
15:00 Wheelbarrow
18:46 Double-Bit Axe
19:40 Bloodlines
24:37 Castle Age
23:05 Scale Barding Armor
25:13 Pikeman
26:45 Light Cavalry
27:26 Husbandry
29:43 Chain Barding Armor
39:50 Imperial Age
39:14 Murder Holes
40:02 Fletching
40:13 Padded Archer Armor
40:45 Corvinian Army
41:19 Cavalier
44:39 Town Patrol
44:37 Gold Mining
44:45 Heavy Cavalry Archer
45:52 Parthian Tactics
44:52 Elite Magyar Huszar
47:15 Loom
51:22 Halberdier
59:32 Thumb Ring
61:29 Plate Barding Armor
60:50 Bodkin Arrow
61:10 Leather Archer Armor
Connection lost

Rejoining the realm…

Still unreachable

The connection could not be restored.

Session expired

The server has moved on; the page needs a fresh start.